 Dungeon Crawl Stone Soup version 0.31.0-9-g3a7656b989 (webtiles) character file.

Game seed: 8876904109957905805

135 qw the Shooter (level 4, 0/23 HPs)
             Began as a Spriggan Hunter on Feb 2, 2024.
             Slain by a hound zombie (1 damage)
             ... in an ossuary.
             The game lasted 00:00:09 (2620 turns).

qw the Shooter (Spriggan Hunter)                    Turns: 2620, Time: 00:00:10

Health: 0/23       AC:  2    Str:  7    XL:     4   Next: 97%
Magic:  5/5        EV: 20    Int: 10    God:
Gold:   131        SH:  5    Dex: 20    Spells: 3/3 levels left

rFire   . . .        a - +0 shortbow
rCold   . . .        (shield currently unavailable)
rNeg    . . .        c - +0 robe
rPois   .            (helmet restricted)
rElec   .            (no cloak)
rCorr   .            (gloves unavailable)
SInv    +            (boots unavailable)
Will    .....        j - amulet of reflection
Stlth   ++           (no ring)
HPRegen 0.23/turn    (no ring)
MPRegen 0.09/turn

%: reflection
@: very quick
A: very small, no large weapons, unfitting armour, see invisible, speed 3
a: no special abilities


You were in an ossuary.
You visited 1 branch of the dungeon, and saw 4 of its levels.
You also visited: Ossuary.

You collected 131 gold pieces.


Innate Abilities, Weirdness & Mutations

You are very small and have problems with some larger weapons.
You are too small for most types of armour.
You have supernaturally acute eyesight. (SInv)
You cover ground extremely quickly. (Speed+++)


   Skills:
 - Level 2.0 Fighting
 + Level 5.1 Ranged Weapons
 - Level 5.0 Dodging
 - Level 1.5 Stealth


You had 3 spell levels left.
You didn't know any spells.
Your spell library was empty.

Inventory:

Hand Weapons
 a - a +0 shortbow (weapon)
Armour
 c - a +0 robe (worn)
Jewellery
 h - a ring of fire
 j - an amulet of reflection (around neck)
Wands
 b - a wand of flame (9)
 e - a wand of roots (7)
Potions
 d - a potion of brilliance {unknown}
 f - a potion of cancellation {unknown}
 i - a potion of mutation {unknown}
 k - a potion of resistance {unknown}
 l - a potion of attraction {unknown}

Dungeon Overview and Level Annotations

Branches:
Dungeon (4/15)            Ossuary (1/1)
 Temple: D:4-7

Altars:

Shops:
D:3 (


Message History

The goblin zombie is lightly damaged.
The jackal zombie misses you. The adder zombie misses you.
The jackal zombie bites you but does no damage.
The hound zombie bites you. The goblin zombie closely misses you.
The hobgoblin zombie barely misses you. The elf zombie misses you.
The goblin zombie completely misses you.
The jackal zombie barely misses you.
The adder zombie bites you but does no damage.
You shoot an arrow.
The arrow barely misses the hound zombie.
The arrow hits the goblin zombie!
The goblin zombie is almost destroyed.
The jackal zombie misses you. You block the hound zombie's attack.
The jackal zombie closely misses you. The adder zombie bites you.
The goblin zombie closely misses you. The jackal zombie misses you.
The hobgoblin zombie hits you. The elf zombie hits you.
The hound zombie completely misses you.
The goblin zombie completely misses you.
You shoot an arrow. The arrow hits the hound zombie.
The hound zombie is severely damaged.
The jackal zombie completely misses you.
The hound zombie misses you. The jackal zombie misses you.
You block the adder zombie's attack. The goblin zombie closely misses you.
The hobgoblin zombie misses you. The elf zombie hits you.
You shoot an arrow. The arrow hits the hound zombie.
The hound zombie is almost destroyed.
The jackal zombie completely misses you.
The hound zombie bites you. The jackal zombie closely misses you.
The goblin zombie hits you but does no damage.
You block the adder zombie's attack. The jackal zombie misses you.
The goblin zombie closely misses you. The hound zombie completely misses you.
You shoot an arrow.
The arrow closely misses the hound zombie.
The arrow hits the goblin zombie.
You destroy the goblin zombie!
The jackal zombie closely misses you. The adder zombie bites you.
The elf zombie barely misses you.
The hobgoblin zombie completely misses you.
The hound zombie bites you.
You die...

...............
...............
...............
...............
...............
.......Z.......
......ZZZ......
......Z@ZZ.....
......ZZZ......
.......Z.......
...............
...............
...............
...............
...............


You could see an adder zombie, a rat zombie, 2 jackal zombies, a hound zombie, 2
goblin zombies, a hobgoblin zombie, a gnoll zombie, a kobold zombie and an elf
zombie.

Vanquished Creatures
  2 adders (D:3)
  3 gnolls (D:2)
  4 dart slugs
  2 ribbon worms (D:2)
  5 orcs
  7 ball pythons
  7 bats
  5 endoplasms
  2 giant cockroaches
  10 goblins
  7 hobgoblins
  2 kobolds
  2 quokkas
  3 frilled lizards (D:1)
  A frilled lizard zombie (D:4)
  A goblin zombie (Ossuary)
  3 rats
66 creatures vanquished.

Notes
Turn   | Place    | Note
-------+----------+-------------------------------------------
     0 | D:1      | qw the Spriggan Hunter began the quest for the Orb.
     0 | D:1      | Reached XP level 1. HP: 10/10 MP: 2/2
     0 | D:1      | 0 ||| qw: Version: 0.3-a-155-g5e7d8dd
     0 | D:1      | 0 ||| qw: Game counter: 832
     0 | D:1      | 0 ||| qw: Melee chars always use a shield: true
     0 | D:1      | 0 ||| qw: God list: Okawaru
     0 | D:1      | 0 ||| qw: Allow faded altars: false
     0 | D:1      | 0 ||| qw: Do Orc after clearing Dungeon:15 true
     0 | D:1      | 0 ||| qw: Do second Lair branch before Depths: true
     0 | D:1      | 0 ||| qw: Lair rune preference: random
     0 | D:1      | 0 ||| qw: Goals: Normal
     0 | D:1      | 0 ||| PLANNING D:1-11
     7 | D:1      | Reached skill level 3 in Dodging
    51 | D:1      | 51 ||| RETREEEEATING.
    64 | D:1      | Reached XP level 2. HP: 8/14 MP: 3/3
   241 | D:1      | Reached XP level 3. HP: 18/18 MP: 4/4
   709 | D:1      | 709 ||| READING scroll labelled NOINYE PIODELOI.
   710 | D:1      | 710 ||| READING 2 scrolls labelled FOS HY SAQ.
   811 | D:1      | 811 ||| READING scroll labelled RAAPEKHLOWAE.
   815 | D:1      | 815 ||| DROPPING scroll of butterflies.
   816 | D:1      | 816 ||| DROPPING scroll of vulnerability.
   957 | D:2      | Reached XP level 4. HP: 12/22 MP: 5/5
  1052 | D:2      | 1052 ||| READING scroll labelled RAUL QOUVVE.
  1545 | D:3      | Found a faded altar of an unknown god.
  1870 | D:3      | Found Ittewaremn's Weapon Boutique.
  2298 | D:3      | 2298 ||| UPGRADING to amulet of reflection.
  2303 | D:3      | 2303 ||| READING scroll labelled JISIG ZOATSAA.
  2335 | D:4      | 2335 ||| PLANNING OSSUARY
  2602 | D:4      | Found a sand-covered staircase.
  2608 | Ossuary  | Entered an ossuary
  2619 | Ossuary  | HP: 4/23 [hound zombie (3)]
  2620 | Ossuary  | HP: 1/23 [adder zombie (3)]
  2620 | Ossuary  | Slain by a hound zombie

Levels and vault maps discovered:
D:1:      lightli_arrival_chessboard, layout_loops_ring
D:2:      minmay_skewed_foursquare, layout_basic
D:3:      layout_loops_corners, serial_shops, shop, nicolae_ecumenical_pavilion,
          serial_bayou_ford_a
D:4:      layout_cave_pods, lemuel_zombie_altar_kikubaaqudgha,
          nicolae_ossuary_entry_plus, portal_sewer_entry_e,
          serial_library_hellmonk_secret_room
Ossuary:  ossuary_minmay_tomb_2a

Skill      XL: |  1  2  3  4 |
---------------+-------------+-----
Dodging        | 3 4 5 |  5.0
Ranged Weapons | 5 |  5.1
Fighting       | 2 |  2.0
Stealth        | |  1.5

Action                     |  1- 3 |  4- 6 || total
---------------------------+-------+-------++-------
   Fire: Shortbow          |   101 |    81 ||   182
    Use: Scroll            |     3 |     2 ||     5
 Armour: Robe              |    20 |    20 ||    40
  Dodge: Dodged            |    39 |    64 ||   103
  Block: Other             |       |     5 ||     5

Table legend:
 A = Non-vault XP
 B = Vault XP
 C = Vault XP percentage of total XP
 D = Non-vault monster count
 E = Vault monster count
 F = Vault count percentage of total count
                 A         B        C        D         E       F
            +---------+---------+-------+---------+---------+-------
      Total |     183 |      12 |   6.2 |      60 |       6 |   9.1
            +---------+---------+-------+---------+---------+-------
        D:1 |      63 |       0 |   0.0 |      32 |       0 |   0.0
        D:2 |      60 |      10 |  14.3 |      12 |       4 |  25.0
        D:3 |      40 |       0 |   0.0 |       8 |       0 |   0.0
        D:4 |      20 |       1 |   4.8 |       8 |       1 |  11.1
    Ossuary |       0 |       1 | 100.0 |       0 |       1 | 100.0
            +---------+---------+-------+---------+---------+-------
